 Dungeon Crawl Stone Soup version 0.25.0-10-g039870ee82 (webtiles) character file.

Game seed: 6002327305591836986

34 protoss039 the Magician (level 3, 0/19 HPs)
             Began as a Deep Elf Earth Elementalist on June 23, 2020.
             Slain by Terence
             ... wielding a +1 mace of protection
              (8 damage)
             ... on level 1 of the Dungeon.
             The game lasted 00:03:36 (1204 turns).

protoss039 the Magician (DEEE)                      Turns: 1204, Time: 00:03:37

Health: 0/19       AC:  4    Str:  5    XL:     3   Next: 14%
Magic:  5/10       EV: 13    Int: 20    God:
Gold:   30         SH:  0    Dex: 15    Spells: 9/10 levels left

rFire    . . .     SeeInvis .   f - +0 dagger
rCold    . . .     Gourm    .   (no shield)
rNeg     . . .     Faith    .   c - +0 robe
rPois    .         Spirit   .   (no helmet)
rElec    .         Reflect  .   a - +0 cloak
rCorr    .         Harm     .   h - +0 pair of gloves
MR       .....                  (no boots)
Stlth    ++........             (no amulet)
HPRegen  0.06/turn              (no ring)
MPRegen  0.12/turn              (no ring)

@: no status effects
A: no striking features
a: no special abilities


You were on level 1 of the Dungeon.
You were not hungry.

You visited 1 branch of the dungeon, and saw 2 of its levels.

You collected 30 gold pieces.

Inventory:

Hand Weapons
 f - a +0 dagger (weapon)
Missiles
 b - 5 stones (quivered)
Armour
 a - a +0 cloak (worn)
 c - a +0 robe (worn)
 h - a +0 pair of gloves (worn)
Scrolls
 e - 3 scrolls of identify {unknown}
 i - 2 scrolls of remove curse {unknown}
 j - a scroll of amnesia {unknown}
 l - a scroll of magic mapping {unknown}
 o - a scroll of teleportation {unknown}
 r - a scroll of noise {unknown}
Potions
 g - a potion of flight {unknown}
 k - a potion of curing {unknown}
 m - a potion of berserk rage {unknown}
 n - a potion of lignification {unknown}
 p - 2 potions of might {unknown}
Comestibles
 d - 4 rations
 q - 4 chunks of flesh


   Skills:
 - Level 2.4 Dodging
 - Level 2.4 Stealth
 * Level 4.2 Spellcasting
   Level 1.1 Transmutations
 + Level 4.0 Earth Magic


You had 9 spell levels left.
You knew the following spells:

 Your Spells              Type           Power        Failure   Level  Hunger
a - Sandblast             Erth           ###...       2%          1    None

Your spell library contained the following spells:

 Spells                   Type           Power        Failure   Level  Hunger
 Passwall                 Tmut/Erth      ##......     7%          2    #......
 Stone Arrow              Conj/Erth      ##....       17%         3    ###....
 Petrify                  Tmut/Erth      ##......     41%         4    ####...
 Lee's Rapid Deconstruct  Erth           ###.......   54%         5    ######.


Dungeon Overview and Level Annotations

Branches:
Dungeon (2/15)

Altars:

Annotations:
D:1 Terence


Message History

Unknown command.
Casting: Sandblast (safe; 2% risk of failure)
Confirm with . or Enter, or press ? or * to list all spells.
Aiming: Sandblast (safe; 2% risk of failure)
Press: ? - help, Shift-Dir - straight line, f - Terence
Aim: Terence, wielding a +1 mace of protection and wearing a +0 scale mail (lightly wounded)
The blast of sand hits Terence!
Terence is heavily wounded.
b - 6 stones Terence hits you but does no damage.
Casting: Sandblast (safe; 2% risk of failure)
Confirm with . or Enter, or press ? or * to list all spells.
Aiming: Sandblast (safe; 2% risk of failure)
Press: ? - help, Shift-Dir - straight line, f/p - Terence
Aim: Terence, wielding a +1 mace of protection and wearing a +0 scale mail (heavily wounded)
The blast of sand hits Terence.
Terence is severely wounded.
b - 5 stones Terence hits you with a +1 mace of protection!
You die...

##### #......... #...#
#......### #...#
###'#..... #...# #.#.####
#...# #.#.# #...# #.#.#
##...#########[#.####
######......[.............
#....'...@@.......).......
#.####...##########.......
#.#..................#####
#.#.########.........#
#.#.#......#.........#
#.#.#.####.#.........#
#.#.#.# #.#.........#
#.#.#.####.#.........#
#.#.#....#.#..#....#.#####


You could see Terence.

Vanquished Creatures
  An ooze (D:1)
  A worm (D:2)
  A dart slug (D:1)
  A leopard gecko (D:1)
  A giant cockroach (D:1)
  7 hobgoblins
  3 bats
  2 frilled lizards (D:1)
  3 goblins
  2 kobolds
  2 rats (D:1)
24 creatures vanquished.

Notes
Turn   | Place    | Note
-------+----------+-------------------------------------------
     0 | D:1      | protoss039 the Deep Elf Earth Elementalist began the quest
                  | for the Orb.
     0 | D:1      | Reached XP level 1. HP: 10/10 MP: 6/6
    75 | D:1      | Reached XP level 2. HP: 15/15 MP: 6/8
  1076 | D:2      | Reached XP level 3. HP: 19/19 MP: 8/10
  1165 | D:2      | Noticed Terence
  1204 | D:1      | Slain by Terence

Illustrated notes

Levels and vault maps discovered:
D:1:      dpeg_arrival_tiny_b, layout_basic
D:2:      layout_rooms, serial_rivers, chequers_serial_rivers_micro_a,
          chequers_serial_rivers_micro_c, chequers_serial_rivers_room_b,
          chequers_serial_rivers_micro_d, chequers_serial_rivers_micro_b,
          uniq_natasha, uniq_terence

Skill      XL: |  1  2 |
---------------+-------+-----
Spellcasting   | 4 |  4.2
Earth Magic    | 4 |  4.0
Dodging        | |  2.4
Stealth        | |  2.4
Transmutations | |  1.1

Action                   || total
-------------------------++-------
Melee: Dagger            ||     2
 Cast: Sandblast         ||    46
  Eat: Chunk             ||     1
Armor: Robe              ||     7
Dodge: Dodged            ||    11
